 Dungeon Crawl Stone Soup version 0.30.1-11-g7821555f0a (webtiles) character file.

Game seed: 6686607380309017995

69 zetsubou the Slasher (level 4, -2/34 HPs)
             Began as a Human Gladiator on Dec 29, 2023.
             Slain by a hobgoblin
             ... wielding a +0 long sword
             ... led by Robin
              (5 damage)
             ... on level 2 of the Dungeon.
             The game lasted 00:11:41 (1657 turns).

zetsubou the Slasher (Human Gladiator)              Turns: 1657, Time: 00:11:44

Health: -2/34      AC:  4    Str: 16    XL:     4   Next: 42%
Magic:  4/4        EV: 13    Int:  8    God:
Gold:   66         SH:  0    Dex: 15    Spells: 3/3 levels left

rFire   . . .        a - +0 long sword
rCold   . . .        (no shield)
rNeg    . . .        b - +0 leather armour
rPois   .            c - +0 helmet
rElec   .            (no cloak)
rCorr   .            (no gloves)
SInv    .            (no boots)
Will    .....        (no amulet)
Stlth   +            (no ring)
HPRegen 0.25/turn    (no ring)
MPRegen 0.09/turn

%: no passive effects
@: no status effects
A: no striking features
a: no special abilities


You were on level 2 of the Dungeon.
You visited 1 branch of the dungeon, and saw 2 of its levels.

You collected 66 gold pieces.

Inventory:

Hand Weapons
 a - a +0 long sword (weapon)
 f - a +0 club
 g - a +0 club
 h - a +0 dagger
 p - a +0 whip
 q - a +0 club
 s - a +0 short sword
 t - a +0 hand axe
 u - a +0 spear
Missiles
 d - 4 throwing nets (quivered)
 e - a javelin
Armour
 b - a +0 leather armour (worn)
 c - a +0 helmet (worn)
Scrolls
 j - a scroll of fear {unknown}
 m - a scroll of identify {unknown}
 o - 2 scrolls of teleportation {unknown}
Potions
 i - a potion of flight {unknown}
 l - a potion of might {unknown}
 n - a potion of curing {unknown}
 r - 2 potions of heal wounds {unknown}


   Skills:
 + Level 2.3 Fighting
 + Level 3.7 Long Blades
 + Level 2.1 Throwing
 + Level 1.4 Armour
 + Level 3.5 Dodging
 + Level 0.2 Stealth


You had 3 spell levels left.
You didn't know any spells.
Your spell library was empty.

Dungeon Overview and Level Annotations

Branches:
Dungeon (2/15)

Altars:

Annotations:
D:2 Robin


Message History

The goblin hits you but does no damage. x2
You barely miss the goblin. The goblin hits you but does no damage.
The goblin closely misses you. x3; The goblin barely misses you.
You slash the goblin!
You kill the goblin!
The goblin closely misses you. The goblin barely misses you.
The goblin completely misses you. The goblin misses you.
The goblin attacks as you move away! The goblin hits you with a +0 dagger.
The goblin no longer looks unusually strong.
Robin throws the goblin at you! The goblin hits you with a +0 dagger.
The goblin hits you but does no damage.
Things that are here:
a +0 club; a +0 sling You slash the goblin!
You kill the goblin!
The goblin no longer looks unusually strong. x2
Robin roars a battlecry!
The goblins go into a battle-frenzy!
The goblin misses you. x2; The goblin completely misses you.
The goblin hits you with a +0 club. The goblin barely misses you.
The goblin hits you with a +0 club. Robin throws the goblin at you!
The goblin hits you but does no damage. The goblin attacks as you move away!
The goblin hits you but does no damage. The goblin attacks as you move away!
The goblin closely misses you.
The goblin no longer looks unusually strong.
Robin roars a battlecry!
The goblin goes into a battle-frenzy!
The goblin misses you. x2; The goblin hits you but does no damage.
The hobgoblin hits you with a +0 long sword!
* * * LOW HITPOINT WARNING * * *
Things that are here:
a +0 club; a goblin corpse It was a potion of cancellation.
You feel magically purged. The goblin hits you with a +0 club.
* * * LOW HITPOINT WARNING * * *
The goblin hits you with a +0 dagger.
* * * LOW HITPOINT WARNING * * *
The goblin completely misses you. The goblin barely misses you.
The hobgoblin hits you with a +0 long sword.
You die...

....##..........
.##....#.......#.####
.####................
................#..#### ..#.
...##.#...###.........# ......
....#.#....##.........###.....
......##........g.............(..
†......>.......gg.(......# .#....
......>g.#...ggg@.......###.#....
...#####.......gg................
##...#...###....g...........#....
###....#####.####.†..#<.....#....
#.........##.# #....#...........
....#####.##.####..........#.#...
>..#...##.##....##...............
### ##.......##.!#...............
#...................)...#(..


You could see Robin, a hobgoblin (strong) and 7 goblins.

Vanquished Creatures
  Jessica (D:2)
  An adder (D:2)
  8 ball pythons
  An endoplasm (D:2)
  2 giant cockroaches (D:1)
  6 goblins
  2 hobgoblins (D:2)
  A quokka (D:2)
  3 bats (D:1)
  3 frilled lizards
  2 kobolds (D:1)
  A rat (D:1)
31 creatures vanquished.

Notes
Turn   | Place    | Note
-------+----------+-------------------------------------------
     0 | D:1      | zetsubou the Human Gladiator began the quest for the Orb.
     0 | D:1      | Reached XP level 1. HP: 16/16 MP: 1/1
   234 | D:1      | Reached XP level 2. HP: 22/22 MP: 2/2
   903 | D:1      | Reached XP level 3. HP: 27/27 MP: 3/3
  1525 | D:2      | Noticed Jessica
  1539 | D:2      | Killed Jessica
  1540 | D:2      | Reached skill level 1 in Armour
  1540 | D:2      | Reached XP level 4. HP: 25/34 MP: 4/4
  1642 | D:2      | Noticed Robin
  1657 | D:2      | Slain by a hobgoblin

Illustrated notes

Levels and vault maps discovered:
D:1:      mrwooster_arrival_statue_3, layout_basic
D:2:      layout_rooms, minmay_heptomino_o4, uniq_jessica, uniq_robin,
          uniq_terence

Skill      XL: |  1  2  3 |
---------------+----------+-----
Armour         | 1 |  1.4
Fighting       | |  2.3
Long Blades    | |  3.7
Throwing       | |  2.1
Dodging        | |  3.5
Stealth        | |  0.2

Action                     |  1- 3 |  4- 6 || total
---------------------------+-------+-------++-------
  Melee: Long sword        |    57 |    17 ||    74
    Use: Potion            |       |     1 ||     1
   Stab: Sleeping          |       |     1 ||     1
 Armour: Leather armour    |    27 |    14 ||    41
  Dodge: Dodged            |    62 |    34 ||    96
